 Dungeon Crawl Stone Soup version 0.20-a0-927-g1ae2c61 (webtiles) character file.

60 4thArraOfDagon the Bolt Thrower (level 3, -2/27 HPs)
             Began as a Mummy Hunter on Mar 29, 2017.
             Slain by a water moccasin skeleton (4 damage)
             ... on level 4 of the Dungeon.
             The game lasted 00:01:39 (211 turns).

4thArraOfDagon the Bolt Thrower (Mummy Hunter)       Turns: 211, Time: 00:01:40

Health: -2/27      AC:  3    Str: 16    XL:     3   Next: 80%
Magic:  3/3        EV: 11    Int: 10    God:
Gold:   26         SH:  0    Dex: 12    Spells: 2/2 levels left

rFire    x . .     SeeInvis .   a - +1 hand crossbow
rCold    + . .     Gourm    .   (no shield)
rNeg     + + +     Faith    .   c - +0 leather armour
rPois    ∞         Spirit   .   (no helmet)
rElec    .         Reflect  .   (no cloak)
rCorr    .         Harm     .   (no gloves)
MR       .....                  (no boots)
Stlth    +.........             (no amulet)
Regen    0.1/turn               (no ring)
MPRegen  0.1/turn               (no ring)

@: no status effects
A: no food or potions, fire vulnerability, cold resistance 1, negative energy
resistance 3, torment resistance, unbreathing
a: no special abilities


You were on level 4 of the Dungeon.
You were not hungry.

You visited 1 branch of the dungeon, and saw 4 of its levels.

You collected 26 gold pieces.

Inventory:

Hand Weapons
 a - a +1 hand crossbow (weapon)
 b - a +0 short sword
 f - a +3 flail
Missiles
 d - 6 bolts (quivered)
Armour
 c - a +0 leather armour (worn)
Scrolls
 e - a scroll of remove curse {unknown}


   Skills:
 - Level 2.0 Fighting
 * Level 2.4 Maces & Flails
 - Level 3.5 Crossbows
 - Level 1.5 Dodging
 - Level 0.7 Stealth


You had 2 spell levels left.
You didn't know any spells.

Dungeon Overview and Level Annotations

Branches:
Dungeon (4/15)
 Temple: D:4-7

Altars:

Annotations:
D:3 Ijyb, Natasha


Innate Abilities, Weirdness & Mutations

You do not eat or drink.
Your flesh is vulnerable to fire.
You are immune to poison.
Your flesh is cold resistant. (rC+)
You are immune to negative energy. (rN+++)
You are immune to unholy pain and torment.
You can survive without breathing.


Message History

Press: ? - help, Shift-Dir - straight line, f/p - water moccasin skeleton
Aim: a water moccasin skeleton (lightly damaged)
You shoot a bolt.
The bolt hits the water moccasin skeleton.
The water moccasin skeleton is lightly damaged.
The water moccasin skeleton bites you.
* * * LOW HITPOINT WARNING * * *
Unknown command.
Unknown command.
Firing (i - inventory):
d - 7 bolts (quivered)
Press: ? - help, Shift-Dir - straight line, f/p - water moccasin skeleton
Aim: a water moccasin skeleton (lightly damaged)
You shoot a bolt.
The bolt closely misses the water moccasin skeleton.
The bolt hits the jackal!
You kill the jackal!
The water moccasin skeleton bites you.
* * * LOW HITPOINT WARNING * * *
The water moccasin skeleton bites you.
You die...

.%..#####..#
......(..#..#####
....####.h......###
........#.....h...#
#######.####.##....#
#.# #.# ..... #h#
#.# h#.. #Z# #.# h.?
#@# #.# ## #..# #(#
.. ##.# #.# ..
#.###.# #. ...#.# .
##.#.# .# #...##.#
##.....# ##..###


You could see a jackal and a water moccasin skeleton.

Vanquished Creatures
  A scorpion (D:4)
  2 hobgoblins (D:1)
  A jackal (D:4)
  A frilled lizard (D:4)
  3 kobolds
  2 rats (D:1)
10 creatures vanquished.

Notes
Turn   | Place    | Note
-------+----------+-------------------------------------------
     0 | D:1      | 4thArraOfDagon the Mummy Hunter began the quest for the Orb.
     0 | D:1      | Reached XP level 1. HP: 16/16 MP: 1/1
     0 | D:1      | 4thArraOfDagon: hi
    19 | D:1      | murphy: hi
   130 | D:3      | Noticed Natasha
   137 | D:3      | Noticed a bullfrog
   142 | D:3      | Noticed Ijyb
   159 | D:3      | Noticed a crimson imp
   167 | D:3      | Noticed a crimson imp
   172 | D:4      | Noticed a scorpion
   188 | D:4      | Reached XP level 2. HP: 17/22 MP: 2/2
   208 | D:4      | Killed a scorpion
   208 | D:4      | Reached XP level 3. HP: 9/27 MP: 3/3
   211 | D:4      | Slain by a water moccasin skeleton

Vault maps used:
D:1:      lightli_arrival_farm, serial_bayou_pond_e
D:2:      zin_statuary, first_bread, uniq_crazy_yiuf_cottage
D:3:      uniq_iyjb, uniq_natasha
D:4:      minmay_temple_entry_purple_smoke, serial_shops, shop

Skill      XL: |  1  2 |
---------------+-------+-----
Maces & Flails | 2 |  2.4
Fighting       | |  2.0
Crossbows      | |  3.5
Dodging        | |  1.5
Stealth        | |  0.7

Action                   || total
-------------------------++-------
 Fire: Hand crossbow     ||    24
Armor: Leather armour    ||     4
Dodge: Dodged            ||    11
